 Dungeon Crawl Stone Soup version 0.30.1-9-gdf580d7c3d (webtiles) character file.

Game seed: 9759731153148808048

25 KittyFluff the Trooper (level 3, -3/23 HPs)
             Began as a Gargoyle Berserker on Oct 15, 2023.
             Was a Follower of Trog.
             Slain by a gnoll
             ... wielding a +0 whip
              (6 damage)
             ... on level 2 of the Dungeon.
             The game lasted 00:03:20 (828 turns).

KittyFluff the Trooper (Gargoyle Berserker)          Turns: 828, Time: 00:03:22

Health: -3/23      AC:  5    Str: 22    XL:     3   Next: 4%
Magic:  0/3        EV: 12    Int:  7    God:    Trog [*.....]
Gold:   47         SH:  0    Dex:  9    Spells: 2/2 levels left

rFire   . . .        a - +0 mace
rCold   . . .        (no shield)
rNeg    + . .        b - +0 animal skin
rPois   ∞            (no helmet)
rElec   +            (no cloak)
rCorr   .            (no gloves)
SInv    .            (no boots)
Will    .....        f - amulet of guardian spirit
Stlth   +            (no ring)
HPRegen 0.23/turn    (no ring)
MPRegen 0.08/turn

%: guardian spirit
@: no status effects
A: sickness immunity, AC +3, negative energy resistance 1, electricity
resistance, torment resistance 1, petrification resistance
a: Renounce Religion, Berserk


You were on level 2 of the Dungeon.
You worshipped Trog.
Trog was aware of your devotion.
You visited 1 branch of the dungeon, and saw 2 of its levels.

You collected 47 gold pieces.

Inventory:

Hand Weapons
 a - a +0 mace (weapon)
Armour
 b - a +0 animal skin (worn)
Jewellery
 f - an amulet of guardian spirit (around neck)
Scrolls
 d - a scroll of enchant armour {unknown}
 e - 2 scrolls of identify {unknown}
 h - a scroll of blinking {unknown}
 j - a scroll of enchant weapon {unknown}
 k - a scroll of immolation {unknown}
Potions
 c - a potion of mutation {unknown}
 g - 2 potions of heal wounds {unknown}
 i - a potion of berserk rage {unknown}


   Skills:
 + Level 3.5 Fighting
 * Level 3.3 Maces & Flails
 * Level 2.7 Armour
 + Level 1.8 Dodging


You had 2 spell levels left.
You didn't know any spells.
Your spell library was empty.

Dungeon Overview and Level Annotations

Branches:
Dungeon (2/15)

Altars:

Shops:
D:1 !


Innate Abilities, Weirdness & Mutations

You are immune to sickness and miasma.
Your stone body is resilient. (AC +3)
You are immune to poison.
You resist negative energy. (rN+)
You are resistant to electric shocks. (rElec)
You are resistant to unholy torment.
You are immune to petrification.


Message History

You closely miss the bat. The bat hits you.
A gnoll comes into view. It is wielding a +0 whip.
You closely miss the bat.
The gnoll shouts!
You hear a shout!
The bat barely misses you.
A gnoll comes into view. It is wielding a +0 halberd.
The bat attacks as you move away! The bat completely misses you.
The bat closely misses you. The bat closely misses you.
The bat attacks as you move away! The bat barely misses you.
The bat hits you but does no damage. The bat attacks as you move away!
The bat closely misses you. The bat misses you.
You miss the bat. The bat closely misses you.
You miss the bat. The bat closely misses you.
The bat hits you but does no damage.
You barely miss the bat. The bat hits you but does no damage.
You hit the bat but do no damage. The bat barely misses you. x3
You barely miss the bat. The bat hits you but does no damage.
The gnoll hits you with a +0 whip.
You hit the gnoll.
The gnoll is lightly wounded.
The gnoll closely misses you.
You barely miss the gnoll.
The gnoll is lightly wounded.
A gnoll comes into view. It is wielding a +0 whip.
The gnoll shouts!
The bat hits you but does no damage. The gnoll barely misses you.
You hit the gnoll.
The gnoll is moderately wounded.
The bat hits you but does no damage. The gnoll closely misses you.
The gnoll barely misses you.
You closely miss the gnoll.
The gnoll is moderately wounded.
The bat hits you but does no damage. The gnoll hits you with a +0 whip.
The gnoll misses you. The gnoll hits you with a +0 whip!
The gnoll hits you from afar with a +0 halberd!
* * * LOW HITPOINT WARNING * * *
The gnoll hits you but does no damage. The gnoll hits you with a +0 whip.
You die...

#.......# #.......#
#### #.......####
#####...##
##.....#...###........#
##<............#.......
#........#.............
#........b.............
#.......##.gg..........
##.....###@###........#
##...#...g# #.........
###.#..### #.......[.
#....# #.........
.........### #$........
..........# ....#.....
#######..... .#.##....g
#...... = .. ...
....####


You could see 3 gnolls and a bat.

Vanquished Creatures
  A gnoll (D:1)
  4 ball pythons
  2 endoplasms (D:1)
  A giant cockroach (D:1)
  3 jackals (D:1)
  2 frilled lizards (D:1)
13 creatures vanquished.

Notes
Turn   | Place    | Note
-------+----------+-------------------------------------------
     0 | D:1      | KittyFluff the Gargoyle Berserker began the quest for the
                  | Orb.
     0 | D:1      | Reached XP level 1. HP: 14/14 MP: 1/1
    62 | D:1      | Reached XP level 2. HP: 10/19 MP: 2/2
   184 | D:1      | Found a faded altar of an unknown god.
   519 | D:1      | Reached XP level 3. HP: 16/23 MP: 3/3
   550 | D:1      | Found Meostepo's Distillery.
   828 | D:2      | Slain by a gnoll

Illustrated notes

Levels and vault maps discovered:
D:1:      heliophobic_arrival_battle_scene, layout_basic, serial_shops, shop,
          basic_ecumenical_altar
D:2:      minmay_angry_zag, layout_rooms

Action                     || total
---------------------------++-------
  Melee: Mace              ||    67
 Armour: Animal skin       ||    27
  Dodge: Dodged            ||    62
